Map: Catalyst LE

Players

Trickstar - Winner!

  • Race: Zerg Zerg
  • Spawn Location: 11:00

Unknown

  • Race: Zerg Zerg
  • Spawn Location: 5:00

Event: WCS Leipzig 2018

VOD

Have the link to the VOD?

Description

Time

  • Played on: Jan. 26, 2018, 7:16 a.m.
  • Length: 7:42

All games in this series

Show
View Real Time Build Order
Export as new Build Order

Trickstar Zerg - Winner!

Build Orders: Hatch First 

Get SALT Encoding   

  12  0:00  Drone  
  13  0:12  Overlord  
  13  0:16  Drone  
  14  0:31  Drone x2  
  14  0:34  Drone  
  17  0:52  Hatchery  
  17  0:55  Drone  
  17  0:59  Drone  
  18  1:09  Extractor  
  17  1:15  Spawning Pool  
  17  1:17  Drone  
  17  1:20  Drone  
  18  1:32  Drone  
  19  1:39  Overlord  
  19  1:51  Drone  
  20  2:02  Zergling x2, Queen  
  20  2:04  Queen  
  20  2:05  Zergling x2  
  26  2:09  Metabolic Boost  
  26  2:15  Drone x2  
  28  2:23  Drone  
  28  2:27  Drone  
  28  2:28  Baneling Nest  
  29  2:33  Drone  
  30  2:48  Hatchery  
  30  2:49  Zergling x2  
  30  2:55  Overlord  
  30  3:02  Zergling x4  
  32  3:15  Drone x5  
  32  3:18  Baneling  
  32  3:19  Baneling x3  
  37  3:23  Drone x2  
  39  3:28  Overlord  
  39  3:33  Zergling x4  
  41  3:50  Zergling x6  
  42  3:59  Zergling x8  
  44  4:16  Zergling x12  
  44  4:17  Zergling x2  
  48  4:25  Overlord x2  
  48  4:29  Drone x5  
  52  4:32  Baneling  
  52  4:33  Baneling  
  52  4:38  Zergling x6  
  53  4:47  Overlord  
  53  4:48  Drone x2  
  53  4:51  Lair  
  53  4:52  Roach Warren, Queen  
  51  4:59  Drone x3  
  53  5:00  Extractor  
  52  5:09  Baneling  
  52  5:11  Drone x7  
  59  5:18  Overlord  
  58  5:33  Roach x7  
  71  5:42  Roach x3  
  74  5:53  Roach x3  
  74  6:06  Roach x3, Extractor  
  74  6:09  Drone x5  
  80  6:16  Zergling x4  
  84  6:20  Zergling x2  
  85  6:26  Zergling x2  
  85  6:27  Zergling x8  
  90  6:38  Evolution Chamber  
  90  6:39  Overlord x2  
  87  6:44  Baneling  
  87  6:45  Baneling x5  
  87  6:48  Overlord  
  87  7:00  Baneling x2, Hatchery  
  85  7:02  Zergling x12  
  90  7:20  Roach x5  
Show
View Real Time Build Order
Export as new Build Order

Unknown Zerg 

Build Orders: Hatch First, Zergling Baneling 

Get SALT Encoding   

  12  0:00  Drone  
  13  0:16  Overlord  
  13  0:19  Drone  
  14  0:34  Drone x2  
  16  0:39  Drone  
  17  1:01  Hatchery  
  17  1:03  Drone x2  
  18  1:10  Extractor  
  17  1:18  Spawning Pool  
  16  1:20  Drone  
  17  1:29  Drone  
  18  1:37  Drone  
  19  1:48  Overlord  
  19  1:57  Drone  
  20  2:05  Queen  
  20  2:06  Zergling x2  
  23  2:11  Metabolic Boost  
  23  2:13  Queen  
  23  2:15  Zergling x2  
  26  2:19  Drone  
  27  2:24  Drone  
  27  2:25  Drone  
  29  2:34  Zergling x2  
  30  2:41  Drone  
  31  2:46  Baneling Nest, Drone  
  31  2:47  Drone  
  32  3:04  Drone  
  33  3:08  Overlord  
  33  3:11  Hatchery  
  32  3:16  Overlord  
  32  3:30  Drone x4  
  32  3:32  Baneling x2, Zergling x2  
  36  3:36  Zergling x6  
  36  3:40  Zergling x2  
  36  3:41  Zergling x2  
  41  3:48  Zergling x2  
  41  3:49  Zergling x4  
  42  3:56  Baneling x2  
  40  4:08  Zergling x12  
  43  4:24  Zergling x6  
  42  4:25  Zergling x2  
  45  4:31  Zergling x2  
  45  4:33  Baneling x4  
  45  4:34  Zergling x2  
  46  4:42  Zergling x6  
  49  4:51  Zergling x10  
  48  4:57  Zergling x6  
  48  4:59  Baneling x2  
  49  5:07  Baneling x2  
  49  5:12  Overlord  
  49  5:14  Overlord x2  
  49  5:34  Zergling x6  
  52  5:39  Zergling x14  
  57  5:51  Zergling x2  
  57  5:52  Zergling x12  
  62  6:09  Drone x2  
  62  6:10  Drone  
  63  6:11  Roach Warren  
  60  6:18  Drone  
  60  6:19  Drone x2  
  60  6:20  Drone  
  60  6:21  Drone x2, Queen  
  60  6:22  Drone  
  69  6:25  Lair  
  68  6:33  Drone  
  68  6:34  Drone x4  
  68  6:36  Drone  
  69  6:42  Overlord  
  69  6:44  Extractor  
  68  6:48  Extractor  
  68  6:49  Extractor  
  68  6:53  Zergling x2  
  68  6:54  Zergling x8  
  71  7:05  Roach x5  
  76  7:17  Zergling x12  
Tags
 
Add a new tag
Caveats
  • Supply blocks, unpowered buildings, or Contaminate may cause inaccurate times.
  • Supply counts are checked every 10 seconds.